 Dungeon Crawl Stone Soup version 0.31-a0-703-gcfe89afef6 (webtiles) character file.

Game seed: 8439687491525719020

3009 miscthings the Protected (level 9, -7/74 HPs)
             Began as a Gnoll Wanderer on Sept 9, 2023.
             Was an Initiate of Gozag.
             Mangled by a wyvern (13 damage)
             ... on level 8 of the Dungeon.
             The game lasted 00:21:45 (5610 turns).

miscthings the Protected (Gnoll Wanderer)           Turns: 5610, Time: 00:21:46

Health: -7/74      AC:  6    Str: 15    XL:     9   Next: 84%
Magic:  0/17       EV: 11    Int: 11    God:    Gozag
Gold:   639        SH:  0    Dex: 13    Spells: 17/19 levels left

rFire   . . .        w - +2 whip (elec)
rCold   . . .        (no shield)
rNeg    . . .        b - +2 scale mail
rPois   .            (helmet currently unavailable)
rElec   .            y - melded +1 cloak "Adweut" {rF+}
rCorr   +            (gloves currently unavailable)
SInv    .            (boots currently unavailable)
Will    .....        x - amulet of guardian spirit
Stlth   +            f - ring of resist corrosion
HPRegen 0.32/turn    (no ring)
MPRegen 0.15/turn

%: guardian spirit
@: about to teleport, beast-form, corroded, studying Staves
A: beast (slay +2), fangs 1, strong nose, distributed training
a: Begin Untransformation, Renounce Religion, Potion Petition, Call Merchant,
Bribe Branch


You were on level 8 of the Dungeon.
You worshipped Gozag.
Gozag was pleased with you.
You were a hulking beast.
You visited 2 branches of the dungeon, and saw 9 of its levels.

You collected 1245 gold pieces.
You paid 606 gold pieces to Gozag.

Inventory:

Hand Weapons
 e - a +2 glaive of distortion
 t - the +4 hand axe of the Kissing Fool {flame, Fragile rC+ Str+3}
   (You found it on level 5 of the Dungeon)

   Str+3:     It affects your strength (+3).
   rC+:       It protects you from cold.
   Fragile:   It will be destroyed if unequipped.
 w - a +2 whip of electrocution (weapon)
 A - a +0 orcbow
Missiles
 z - 4 javelins (quivered)
Armour
 b - a +2 scale mail (worn)
 m - a +1 scale mail of fire resistance
 s - an orb of energy
 y - the +1 cloak "Adweut" (melded) {rF+}
   (You found it on level 4 of the Dungeon)

   rF+:       It protects you from fire.
Magical Staves
 l - a staff of fire
Jewellery
 f - a ring of resist corrosion (left hand)
 x - an amulet of guardian spirit (around neck)
Talismans
 B - a beast talisman (active)
Wands
 r - a wand of flame (6)
 C - a wand of digging (7)
Scrolls
 c - 3 scrolls of vulnerability
 g - 4 scrolls of teleportation
 h - a scroll of enchant armour
 j - 5 scrolls of enchant weapon
 n - a scroll of immolation {unknown}
 o - 2 scrolls of brand weapon {unknown}
 q - a scroll of fog
 v - 4 scrolls of poison
Potions
 a - a potion of ambrosia {unknown}
 i - a potion of curing
 k - a potion of might
 p - a potion of lignification
 u - a potion of brilliance


   Skills:
 + Level 8.1 Fighting
 + Level 4.7 Short Blades
 + Level 4.7 Long Blades
 + Level 4.7 Axes
 + Level 4.7 Maces & Flails
 + Level 4.7 Polearms
 + Level 6.0 Staves
 + Level 4.7 Ranged Weapons
 + Level 4.7 Throwing
 + Level 9.8 Armour
 + Level 4.7 Dodging
 + Level 4.7 Stealth
 + Level 4.7 Shields
 + Level 4.7 Unarmed Combat
 + Level 5.5 Spellcasting
 + Level 3.9 Conjurations
 + Level 3.9 Hexes
 + Level 3.9 Summonings
 + Level 3.9 Necromancy
 + Level 3.9 Translocations
 + Level 3.9 Transmutations
 + Level 3.9 Fire Magic
 + Level 3.9 Ice Magic
 + Level 3.9 Air Magic
 + Level 3.9 Earth Magic
 + Level 3.9 Poison Magic
 + Level 5.2 Invocations
 + Level 5.4 Evocations
 + Level 4.3 Shapeshifting


You had 17 spell levels left.
You knew the following spells:

 Your Spells              Type           Power      Damage    Failure   Level
a - Jinxbite              Hex            22%        N/A       19%         2

Your spell library contained the following spells:

 Spells                   Type           Power      Damage    Failure   Level
 Apportation              Tloc           22%        N/A       12%         1
 Gell's Gravitas          Tloc           11%        N/A       36%         3
 Inner Flame              Hex/Fire       11%        N/A       36%         3
 Teleport Other           Tloc           11%        N/A       36%         3
 Alistair's Intoxication  Tmut/Pois      7%         N/A       98%         5
 Yara's Violent Unravell  Hex/Tmut       5%         3d4       98%         5
 Dispersal                Tloc           5%         N/A       100%        6
 Enfeeble                 Hex            5%         N/A       100%        7
 Haunt                    Necr/Summ      5%         N/A       100%        7
 Infestation              Necr           5%         N/A       100%        8
 Animate Dead             Necr           Unusable   N/A       N/A         4

Dungeon Overview and Level Annotations

Branches:
Dungeon (8/15)             Temple (1/1) D:4
   Lair: D:8-11

Altars:
Ashenzari
Cheibriados
Gozag
Kikubaaqudgha
Makhleb
Nemelex Xobeh
Okawaru
Qazlal
Ru
Sif Muna
Trog
Uskayaw
Vehumet
Wu Jian
Yredelemnul
Zin
The Shining One

Shops:
D:5 =   D:6 (


Innate Abilities, Weirdness & Mutations

You are a hulking beast.
Your limbs bulge with bestial killing power. (Slay +2)
You have very sharp teeth.
Your uncanny sense of smell can sniff out nearby items.
Your experience applies equally to all skills.


Message History

A gnoll comes into view. It is wielding a +0 whip.
The gnoll shouts! x2
The wyvern is no longer distracted by gold.
The wyvern barely misses you.
The orc is distracted by your dazzling golden aura.
A gnoll comes into view. It is wielding a +0 flail.
The gnoll completely misses you.
A gnoll sergeant comes into view. It is wielding a +1 vampiric spear.
Items here: $ )))).
A gnoll comes into view. It is wielding a +0 club.
The gnoll shouts!
A gnoll comes into view. It is wielding a +0 whip.
The wyvern bites you!
* * * LOW HITPOINT WARNING * * *
You feel better. The wyvern bites you!
* * * LOW HITPOINT WARNING * * *
The gnoll hits you with a +0 whip.
* * * LOW HITPOINT WARNING * * *
The gnoll is distracted by your dazzling golden aura.
Okay, then.
As you read the scroll of fear, it crumbles to dust.
You assume a fearsome visage.
The wyvern looks frightened!
The gnoll sergeant looks frightened!
The gnoll looks frightened! x5
The gnoll shouts!
The steam dragon looks frightened!
You hear a shout!
Cornered, the wyvern turns to fight!
Okay, then.
You feel better.
The gnoll is no longer distracted by gold.
The wyvern bites you.
* * * LOW HITPOINT WARNING * * *
As you read the scroll of teleportation, it crumbles to dust.
You feel strangely unstable. The wyvern closely misses you.
The wyvern bites you.
* * * LOW HITPOINT WARNING * * *
A white imp comes into view.
The wyvern attacks as it pursues you! The wyvern bites you!
You die...
Your body crumbles into a pile of gold.

∆ ∆ ∆ ... ########
... #......# ....
#......# .....
#......# ...g.####
##......#
....g...###.......#
.....D.$o.lh.....<#
......#5####......#
..... #$# #......#
$... #$# #......#
..# #.# ###.#### .
∆ .o. #.# ... ...
...o. .# ## >....


You could see a steam dragon (fleeing), a wyvern, an orc wizard, a gnoll
(fleeing) and a white imp.

Vanquished Creatures
  Sigmund (D:3)
  An acid dragon (D:8)
  Duvessa (D:7)
  A water moccasin (D:4)
  2 orc warriors
  3 black bears
  3 ogres (D:5)
  4 centaurs
  A phantom (D:5)
  A bullfrog (D:6)
  2 scorpions
  Dowan (D:7)
  A killer bee (D:5)
  3 howler monkeys
  6 hounds
  2 jellies
  A gnoll bouda (D:5)
  A sleepcap (D:5)
  Natasha (thrice) (D:2)
  11 iguanas
  6 orc wizards
  A gnoll (D:5)
  8 adders
  2 white imps (D:5)
  3 ufetubi
  A worm (D:4)
  2 dart slugs
  31 orcs
  4 bats
  11 endoplasms
  4 giant cockroaches (D:1)
  8 goblins
  10 hobgoblins
  6 jackals
  4 quokkas
  A ball python (D:3)
  4 kobolds
  4 rats
159 creatures vanquished.

Vanquished Creatures (others)
  An orc (D:6)
1 creature vanquished.

Grand Total: 160 creatures vanquished

Notes
Turn   | Place    | Note
-------+----------+-------------------------------------------
     0 | D:1      | miscthings the Gnoll Wanderer began the quest for the Orb.
     0 | D:1      | miscthings set off with the following items: a +0
                  | quarterstaff, a +2 scale mail, a scroll of vulnerability, a
                  | scroll of fear.
     0 | D:1      | Reached XP level 1. HP: 23/23 MP: 4/4
   249 | D:1      | Reached XP level 2. HP: 29/29 MP: 5/5
   520 | D:1      | Reached XP level 3. HP: 35/35 MP: 7/7
  1245 | D:2      | Reached skill level 1 in Invocations
  1329 | D:2      | Noticed Natasha
  1338 | D:2      | Killed Natasha
  1339 | D:2      | Reached skill level 1 in Short Blades
  1339 | D:2      | Reached skill level 1 in Long Blades
  1339 | D:2      | Reached skill level 1 in Axes
  1339 | D:2      | Reached skill level 1 in Maces & Flails
  1339 | D:2      | Reached skill level 1 in Polearms
  1339 | D:2      | Reached skill level 1 in Ranged Weapons
  1339 | D:2      | Reached skill level 1 in Throwing
  1339 | D:2      | Reached skill level 1 in Dodging
  1339 | D:2      | Reached skill level 1 in Stealth
  1339 | D:2      | Reached skill level 1 in Shields
  1339 | D:2      | Reached skill level 1 in Unarmed Combat
  1339 | D:2      | Reached skill level 1 in Shapeshifting
  1339 | D:2      | Reached XP level 4. HP: 38/41 MP: 8/8
  1393 | D:2      | Reached skill level 1 in Conjurations
  1393 | D:2      | Reached skill level 1 in Hexes
  1393 | D:2      | Reached skill level 1 in Summonings
  1393 | D:2      | Reached skill level 1 in Necromancy
  1393 | D:2      | Reached skill level 1 in Translocations
  1393 | D:2      | Reached skill level 1 in Transmutations
  1393 | D:2      | Reached skill level 1 in Fire Magic
  1393 | D:2      | Reached skill level 1 in Ice Magic
  1393 | D:2      | Reached skill level 1 in Air Magic
  1393 | D:2      | Reached skill level 1 in Earth Magic
  1393 | D:2      | Reached skill level 1 in Poison Magic
  1408 | D:2      | Noticed Natasha
  1417 | D:2      | Killed Natasha
  1445 | D:2      | Noticed Natasha
  1450 | D:2      | Killed Natasha
  1451 | D:2      | Reached XP level 5. HP: 41/47 MP: 9/9
  1694 | D:3      | You fall into a shaft and drop 1 floor!
  1741 | D:4      | Found a staircase to the Ecumenical Temple.
  1752 | Temple   | Entered the Ecumenical Temple
  1818 | D:4      | Reached XP level 6. HP: 49/53 MP: 9/11
  1849 | D:4      | Identified the +10 scale mail of Baut Xolo {rElec rC+ rN+}
  1986 | D:3      | Found a broken altar of Ashenzari.
  1992 | D:3      | Noticed a water moccasin
  2079 | D:3      | Noticed Sigmund
  2116 | D:3      | Killed Sigmund
  2117 | D:3      | Reached XP level 7. HP: 14/59 MP: 12/12
  2392 | D:4      | Found an opulent altar of Gozag.
  2464 | D:4      | Became a worshipper of Gozag Ym Sagoz the Greedy
  2509 | D:4      | Identified the +1 cloak "Adweut" {rF+}
  2695 | D:4      | Found a shimmering blue altar of Sif Muna.
  2764 | D:5      | Entered Level 5 of the Dungeon
  2775 | D:5      | Reached skill level 9 in Armour
  2962 | D:5      | Reached XP level 8. HP: 56/67 MP: 14/14
  3670 | D:5      | Identified the +4 hand axe of the Kissing Fool {flame,
                  | Fragile rC+ Str+3}
  3972 | D:6      | Reached XP level 9. HP: 69/73 MP: 16/16
  4015 | D:6      | Reached skill level 5 in Spellcasting
  4091 | D:6      | Reached skill level 5 in Staves
  4154 | D:6      | Found an ornate altar of the Wu Jian Council.
  4220 | D:6      | Found Liubb's Weapon Emporium.
  4368 | D:6      | Reached skill level 5 in Evocations
  4744 | D:7      | HP: 3/74 [something (1)]
  4879 | D:7      | Noticed Duvessa
  4886 | D:7      | Noticed Dowan
  4888 | D:7      | Killed Duvessa
  4894 | D:7      | Killed Dowan
  4895 | D:7      | Reached skill level 5 in Invocations
  5032 | D:7      | Learned a level 2 spell: Jinxbite
  5372 | D:7      | Found an iron altar of Okawaru.
  5427 | D:7      | Found an ancient bone altar of Kikubaaqudgha.
  5604 | D:8      | HP: 3/74 [wyvern (8)]
  5610 | D:8      | Mangled by a wyvern

Illustrated notes

Levels and vault maps discovered:
D:1:      dpeg_arrival_snail, layout_basic, st_stairs_7,
          minmay_worlds_worst_comb
D:2:      layout_rooms, reono_crystal_passage, uniq_natasha
D:3:      layout_rooms, ashenzari_altar_1, minmay_misc_feat_hallway,
          uniq_sigmund
D:4:      layout_cave_pools, nicolae_gozag_seed_capital, led_sif_pool,
          minmay_temple_entry_ruins, st_stairs_13
D:5:      minmay_polygon_palace, layout_basic
D:6:      layout_cave_pools, mainiacjoe_overflow_paths, serial_shops,
          nicolae_shop_stone, serial_bayou_pond_e, minmay_manual_mandibuliform
D:7:      layout_loops_ring, mainiacjoe_overflow_swirl, serial_glass,
          glass_columns_c, glass_columns_b, glass_columns_a, glass_columns_c,
          serial_bayou_pond_a, uniq_duvessa
D:8:      layout_rooms, old_standard_altar, mainiacjoe_overflow_alcove_4,
          hangedman_decor_lopped, david_defended_altar_orc
Temple:   bh_familiar_temple

Skill      XL: |  1  2  3  4  5  6  7  8  9 |
---------------+----------------------------+-----
Invocations    | 1 2 3 4 5 |  5.2
Short Blades   | 1 2 3 4 |  4.7
Long Blades    | 1 2 3 4 |  4.7
Axes           | 1 2 3 4 |  4.7
Maces & Flails | 1 2 3 4 |  4.7
Polearms       | 1 2 3 4 |  4.7
Ranged Weapons | 1 2 3 4 |  4.7
Throwing       | 1 2 3 4 |  4.7
Dodging        | 1 2 3 4 |  4.7
Stealth        | 1 2 3 4 |  4.7
Shields        | 1 2 3 4 |  4.7
Unarmed Combat | 1 2 3 4 |  4.7
Spellcasting   | 3 4 5 |  5.5
Shapeshifting  | 1 2 3 4 |  4.3
Conjurations   | 1 2 3 |  3.9
Hexes          | 1 2 3 |  3.9
Summonings     | 1 2 3 |  3.9
Necromancy     | 1 2 3 |  3.9
Translocations | 1 2 3 |  3.9
Transmutations | 1 2 3 |  3.9
Fire Magic     | 1 2 3 |  3.9
Ice Magic      | 1 2 3 |  3.9
Air Magic      | 1 2 3 |  3.9
Earth Magic    | 1 2 3 |  3.9
Poison Magic   | 1 2 3 |  3.9
Staves         | 3 4 6 |  6.0
Evocations     | 3 4 5 |  5.4
Fighting       | 7 8 |  8.1
Armour         | 9 |  9.8

Action                     |  1- 3 |  4- 6 |  7- 9 || total
---------------------------+-------+-------+-------++-------
  Melee: Quarterstaff      |     7 |    32 |       ||    39
         Bite              |       |     2 |    46 ||    48
         Staff             |       |    12 |       ||    12
         Whip              |       |       |   403 ||   403
         Punch             |       |       |     8 ||     8
   Fire: Sling             |   116 |    97 |    16 ||   229
  Throw: Javelin           |       |       |    27 ||    27
   Cast: Jinxbite          |       |       |     2 ||     2
 Invoke: Call Merchant     |       |       |     1 ||     1
Ability: Begin Untransform |       |       |     1 ||     1
  Evoke: Wand              |       |       |     6 ||     6
    Use: Scroll            |       |     9 |     6 ||    15
         Potion            |       |       |     6 ||     6
 Armour: Scale mail        |    71 |    63 |   336 ||   470
         Skin              |       |       |    54 ||    54
  Dodge: Dodged            |    45 |    37 |   207 ||   289
   Form: Beast             |       |       |     2 ||     2

Table legend: (Time is in decaauts)
 A = Elapsed time spent in this place.
 B = Non-inter-level travel time spent in this place.
 C = Inter-level travel time spent in this place.
 D = Time resting spent in this place.
 E = Time spent auto-exploring this place.
 F = Levels seen in this place.
 G = Mean time per level.
                   A        B        C        D        E       F      G
               +--------+--------+--------+--------+--------+-----+--------+
         Total |   5724 |   5465 |    259 |    233 |   3551 |   9 |  636.0 |
       Dungeon |   5706 |   5451 |    255 |    233 |   3551 |   8 |  713.2 |
        Temple |     18 |     15 |      3 |      0 |      0 |   1 |   18.0 |
               +--------+--------+--------+--------+--------+-----+--------+

Top non-repeatable levels by time:
     D:1: 1191 daAuts
     D:5: 1145 daAuts
     D:7: 896 daAuts
     D:6: 708 daAuts
     D:4: 643 daAuts
     D:2: 534 daAuts
     D:3: 514 daAuts
     D:8: 73 daAuts
  Temple: 18 daAuts
